 Dungeon Crawl Stone Soup version 0.30.1-4-g462c640d31 (webtiles) character file.

Game seed: 7341494338291700637

304 Bobit the Poker (level 6, -7/53 HPs)
             Began as a Gnoll Cinder Acolyte on Aug 13, 2023.
             Was an Initiate of Trog.
             Mangled by a fire elemental (10 damage)
             ... created by the fiery vengeance of Ignis
             ... on level 5 of the Dungeon.
             The game lasted 00:08:45 (2693 turns).

Bobit the Poker (Gnoll Cinder Acolyte)              Turns: 2693, Time: 00:08:46

Health: -7/53      AC:  9    Str: 15    XL:     6   Next: 38%
Magic:  11/11      EV:  7    Int: 14    God:    Trog [......]
Gold:   104        SH:  0    Dex:  7    Spells: 11/11 levels left

rFire   . . .        a - -1 spear (flame)
rCold   . . .        (no shield)
rNeg    . . .        p - +0 chain mail
rPois   .            d - +0 helmet
rElec   .            y - scarf {repulsion}
rCorr   .            (no gloves)
SInv    .            (no boots)
Will    .....        o - amulet of the acrobat Stlth
                     (no ring)
HPRegen 0.28/turn    (no ring)
MPRegen 0.12/turn

%: repel missiles, acrobat
@: mighty, fire susceptible
A: fangs 1, strong nose, distributed training
a: Renounce Religion


You were on level 5 of the Dungeon.
You worshipped Trog.
Trog was noncommittal.
You visited 1 branch of the dungeon, and saw 5 of its levels.

You collected 153 gold pieces.
You spent 49 gold pieces at shops.

Inventory:

Hand Weapons
 a - a -1 spear of flaming (weapon)
 w - a +3 quarterstaff of chaos
Armour
 b - a +0 robe
 d - a +0 helmet (worn)
 f - a +0 ring mail
 l - a +0 scale mail
 p - a +0 chain mail (worn)
 x - a +1 cloak
 y - a scarf of repulsion (worn)
Jewellery
 o - an amulet of the acrobat (around neck)
Scrolls
 c - 3 scrolls of identify {unknown}
 e - 2 scrolls of teleportation {unknown}
 i - 2 scrolls of blinking {unknown}
 m - a scroll of noise {unknown}
 n - a scroll of silence {unknown}
 r - a scroll of enchant armour {unknown}
Potions
 g - a potion of curing
 h - a potion of invisibility {unknown}
 j - a potion of attraction {unknown}
 q - a potion of berserk rage {unknown}
 s - a potion of flight {unknown}
 t - a potion of degeneration {unknown}
 u - a potion of brilliance {unknown}
 v - a potion of heal wounds {unknown}


   Skills:
 + Level 6.8 Fighting
 + Level 2.0 Short Blades
 + Level 2.0 Long Blades
 + Level 2.0 Axes
 + Level 2.0 Maces & Flails
 + Level 6.8 Polearms
 + Level 2.0 Staves
 + Level 2.0 Ranged Weapons
 + Level 2.0 Throwing
 + Level 2.0 Armour
 + Level 2.0 Dodging
 + Level 2.0 Stealth
 + Level 2.0 Shields
 + Level 2.0 Unarmed Combat
 + Level 3.4 Spellcasting
 + Level 1.6 Conjurations
 + Level 1.6 Hexes
 + Level 1.6 Summonings
 + Level 1.6 Necromancy
 + Level 1.6 Translocations
 + Level 1.6 Transmutations
 + Level 5.7 Fire Magic
 + Level 1.6 Ice Magic
 + Level 1.6 Air Magic
 + Level 1.6 Earth Magic
 + Level 1.6 Poison Magic
 + Level 2.2 Invocations
 + Level 2.0 Evocations


You had 11 spell levels left.
You didn't know any spells.
Your spell library contained the following spells:

 Spells                   Type           Power      Damage    Failure   Level
 Scorch                   Fire           36%        2d6       41%         2


Dungeon Overview and Level Annotations

Branches:
Dungeon (5/15)
 Temple: D:4-7

Altars:
Trog

Shops:
D:3 [


Innate Abilities, Weirdness & Mutations

You have very sharp teeth.
Your uncanny sense of smell can sniff out nearby items.
Your experience applies equally to all skills.


Message History

Things that are here:
a +0 dagger; 4 poisoned darts; a kobold corpse You see here a scarf of repulsion.
y - a scarf of repulsion Magic restored.
You start removing your armour.
You continue taking off your +1 cloak. x4
You finish taking off your +1 cloak.
You start putting on your armour.
You continue putting on your scarf of repulsion. x5
You finish putting on your scarf of repulsion.
You are surrounded by a repulsion field.
You feel a little less mighty now. "Burn!
Burn until nothing is left!" 2 fire elementals come into view.
Unknown command.
You hit the fire elemental but do no damage.
You bite the fire elemental, but do no damage.
You hit the fire elemental but do no damage.
Your bite misses the fire elemental. You closely miss the fire elemental.
The fire elemental hits you. The fire elemental burns you!
The fire elemental hits you. The fire elemental burns you!
The fire elemental hits you. The fire elemental burns you!
The fire elemental barely misses you. The fire elemental barely misses you.
Found a book of Burglary.
Found a stone staircase leading down.
The fire elemental barely misses you.
There is a stone staircase leading down here.
The fire elemental hits you. The fire elemental burns you!
* * * LOW HITPOINT WARNING * * *
You climb downwards.
You hear the hiss of flowing sand.
There is an entrance to an ossuary on this level.
Hurry and find it before the portal is buried!
You hear the sound of rushing water.
There is an entrance to a sewer on this level.
Hurry and find it before the portal rusts away!
There is a stone staircase leading up here.
You feel very mighty all of a sudden. The fire elemental hits you.
The fire elemental burns you!
* * * LOW HITPOINT WARNING * * *
The fire elemental hits you. The fire elemental burns you!
You die...

### ..#
##.## ...
###E#
#..@#
#.....#.#
###.. ..#
## #### ∆
∆


You could see a fire elemental.

Vanquished Creatures
  An orc warrior (D:4)
  Crazy Yiuf (D:3)
  2 orc priests (D:4)
  An orc wizard (D:4)
  2 adders (D:3)
  3 gnolls (D:3)
  5 orcs
  5 bats
  6 endoplasms
  2 giant cockroaches
  2 goblins (D:1)
  6 hobgoblins
  A quokka (D:3)
  6 ball pythons
  4 frilled lizards
  5 kobolds
  A rat (D:3)
53 creatures vanquished.

Notes
Turn   | Place    | Note
-------+----------+-------------------------------------------
     0 | D:1      | Bobit the Gnoll Cinder Acolyte began the quest for the Orb.
     0 | D:1      | Reached XP level 1. HP: 23/23 MP: 4/4
   254 | D:1      | Reached XP level 2. HP: 27/29 MP: 5/5
   475 | D:1      | Found a faded altar of an unknown god.
  1043 | D:2      | Reached XP level 3. HP: 31/35 MP: 7/7
  1214 | D:2      | You fall into a shaft and drop 1 floor!
  1244 | D:3      | Reached skill level 1 in Invocations
  1253 | D:3      | Reached skill level 1 in Short Blades
  1253 | D:3      | Reached skill level 1 in Long Blades
  1253 | D:3      | Reached skill level 1 in Axes
  1253 | D:3      | Reached skill level 1 in Maces & Flails
  1253 | D:3      | Reached skill level 1 in Staves
  1253 | D:3      | Reached skill level 1 in Ranged Weapons
  1253 | D:3      | Reached skill level 1 in Throwing
  1253 | D:3      | Reached skill level 1 in Armour
  1253 | D:3      | Reached skill level 1 in Dodging
  1253 | D:3      | Reached skill level 1 in Stealth
  1253 | D:3      | Reached skill level 1 in Shields
  1253 | D:3      | Reached skill level 1 in Unarmed Combat
  1253 | D:3      | Reached skill level 1 in Evocations
  1255 | D:3      | Reached XP level 4. HP: 28/41 MP: 8/8
  1311 | D:3      | Found Eplufima's Armour Shoppe.
  1319 | D:3      | Bought a +0 chain mail for 49 gold pieces
  1422 | D:3      | Found a bloodstained altar of Trog.
  1449 | D:3      | Fell from the grace of Ignis
  1449 | D:3      | Became a worshipper of Trog the Wrathful
  1584 | D:3      | Reached skill level 1 in Conjurations
  1584 | D:3      | Reached skill level 1 in Hexes
  1584 | D:3      | Reached skill level 1 in Summonings
  1584 | D:3      | Reached skill level 1 in Necromancy
  1584 | D:3      | Reached skill level 1 in Translocations
  1584 | D:3      | Reached skill level 1 in Transmutations
  1584 | D:3      | Reached skill level 1 in Ice Magic
  1584 | D:3      | Reached skill level 1 in Air Magic
  1584 | D:3      | Reached skill level 1 in Earth Magic
  1584 | D:3      | Reached skill level 1 in Poison Magic
  2257 | D:3      | Found a runed translucent door.
  2258 | D:3      | Noticed Crazy Yiuf
  2269 | D:3      | Killed Crazy Yiuf
  2270 | D:3      | Reached XP level 5. HP: 14/47 MP: 6/9
  2597 | D:4      | Noticed an orc warrior
  2618 | D:4      | Killed an orc warrior
  2622 | D:4      | Reached XP level 6. HP: 33/53 MP: 9/11
  2683 | D:4      | Noticed a fire elemental
  2683 | D:4      | Noticed a fire elemental
  2692 | D:5      | Entered Level 5 of the Dungeon
  2693 | D:5      | Mangled by a fire elemental

Illustrated notes

Levels and vault maps discovered:
D:1:      mainiacjoe_arrival_reflecting_pool, layout_loops_corners,
          ebering_ecumenical_altar_webs
D:2:      layout_loops_ring, serial_aquarium, aquarium_bridge_square
          [aquarium_subvault_bridge, aquarium_subvault_wall,
          aquarium_subvault_window, aquarium_subvault_balcony],
          aquarium_bridge_square [aquarium_subvault_bridge,
          aquarium_subvault_balcony, aquarium_subvault_wall,
          aquarium_subvault_window], aquarium_window_corner,
          aquarium_window_fake, aquarium_view_2f, aquarium_pool_2,
          minmay_misc_feat_rows, kennysheep_jessica_study
D:3:      layout_basic, old_standard_altar, serial_shops, shop,
          uniq_crazy_yiuf_cottage
D:4:      layout_loops_ring, st_stairs_13, kennysheep_generic_room_14
D:5:      layout_basic, elyvilon_altar_5, grunt_temple_overflow_open,
          serial_shops, shop_fountains, enter_ossuary_5, portal_sewer_entry_e

Skill      XL: |  1  2  3  4  5  6 |
---------------+-------------------+-----
Invocations    | 1 2 |  2.2
Short Blades   | 1 2 |  2.0
Long Blades    | 1 2 |  2.0
Axes           | 1 2 |  2.0
Maces & Flails | 1 2 |  2.0
Staves         | 1 2 |  2.0
Ranged Weapons | 1 2 |  2.0
Throwing       | 1 2 |  2.0
Armour         | 1 2 |  2.0
Dodging        | 1 2 |  2.0
Stealth        | 1 2 |  2.0
Shields        | 1 2 |  2.0
Unarmed Combat | 1 2 |  2.0
Evocations     | 1 2 |  2.0
Spellcasting   | 3 |  3.4
Conjurations   | 1 |  1.6
Hexes          | 1 |  1.6
Summonings     | 1 |  1.6
Necromancy     | 1 |  1.6
Translocations | 1 |  1.6
Transmutations | 1 |  1.6
Ice Magic      | 1 |  1.6
Air Magic      | 1 |  1.6
Earth Magic    | 1 |  1.6
Poison Magic   | 1 |  1.6
Fighting       | |  6.8
Polearms       | |  6.8
Fire Magic     | |  5.7

Action                     |  1- 3 |  4- 6 || total
---------------------------+-------+-------++-------
  Melee: Spear             |   127 |   103 ||   230
         Bite              |     6 |    14 ||    20
         Punch             |     1 |     2 ||     3
 Invoke: Fiery Armour      |     1 |       ||     1
    Use: Potion            |       |     3 ||     3
 Armour: Robe              |     7 |       ||     7
         Scale mail        |    21 |     1 ||    22
         Ring mail         |     6 |       ||     6
         Chain mail        |       |    38 ||    38
  Dodge: Dodged            |    41 |    35 ||    76
